Map: Garden of Shadows

Players

Cronos - Winner!

  • Race: Protoss Protoss
  • Spawn Location: 7:00

ioz - Winner!

  • Race: Terran Terran
  • Spawn Location: 5:00

NovaTerra - Winner!

  • Race: Zerg Zerg
  • Spawn Location: 5:00

Shuranius - Winner!

  • Race: Protoss Protoss
  • Spawn Location: 7:00

Amix

  • Race: Terran Terran
  • League: Platinum
  • Spawn Location: 1:00

ЗергНеЗерг

  • Race: Zerg Zerg
  • Spawn Location: 11:00

PapiSawyer

  • Race: Terran Terran
  • Spawn Location: 1:00

Denda

  • Race: Zerg Zerg
  • Spawn Location: 11:00

VOD

Have the link to the VOD?

Description

Time

  • Played on: Nov. 29, 2016, 5:18 a.m.
  • Length: 21:40
Show
View Real Time Build Order
Export as new Build Order

Cronos Protoss - Winner!

Build Orders:  

Get SALT Encoding   

  12  0:03  Probe (Chrono Boost)  
  13  0:13  Probe (Chrono Boost)  
  14  0:27  Probe (Chrono Boost)  
  15  0:28  Pylon  
  15  0:59  Probe (Chrono Boost)  
  16  1:05  Assimilator  
  16  1:09  Nexus  
  16  1:22  Gateway, Probe (Chrono Boost)  
  17  1:29  Assimilator  
  17  1:32  Probe (Chrono Boost)  
  18  1:43  Probe (Chrono Boost)  
  19  1:53  Probe (Chrono Boost)  
  20  2:00  Forge  
  20  2:04  Probe (Chrono Boost)  
  20  2:08  Pylon  
  21  2:14  Probe (Chrono Boost)  
  22  2:23  Pylon  
  22  2:25  Probe (Chrono Boost)  
  22  2:26  Probe (Chrono Boost)  
  24  2:35  Probe (Chrono Boost)  
  25  2:43  Photon Cannon  
  25  2:49  Photon Cannon  
  25  2:53  Probe x2 (Chrono Boost)  
  27  3:07  Cybernetics Core  
  27  3:10  Probe x2 (Chrono Boost)  
  29  3:21  Probe (Chrono Boost)  
  29  3:23  Assimilator  
  29  3:24  Assimilator  
  29  3:26  Probe (Chrono Boost)  
  31  3:31  Probe (Chrono Boost)  
  32  3:44  Stargate  
  32  3:46  Stargate  
  32  3:49  Stargate  
  32  4:00  Protoss Air Weapons Level 1  
  32  4:10  Protoss Shields Level 1  
  32  4:15  Probe x2 (Chrono Boost)  
  34  4:25  Probe (Chrono Boost)  
  34  4:26  Probe (Chrono Boost)  
  34  4:28  Void Ray  
  40  4:36  Probe x2 (Chrono Boost)  
  42  4:41  Void Ray  
  46  4:47  Probe x2 (Chrono Boost)  
  48  4:57  Probe x2 (Chrono Boost)  
  48  4:58  Pylon  
  50  5:00  Pylon  
  50  5:10  Void Ray  
  54  5:17  Pylon  
  54  5:28  Photon Cannon  
  54  5:32  Photon Cannon  
  54  5:51  Fleet Beacon  
  54  6:15  Stargate  
  54  6:21  Protoss Air Armor Level 1  
  54  6:33  Robotics Facility  
  54  6:37  Pylon  
  54  6:39  Tempest, Pylon  
  60  6:41  Carrier  
  60  6:42  Void Ray, Pylon  
  70  7:11  Tempest  
  76  7:27  Pylon  
  76  7:30  Pylon  
  76  7:36  Photon Cannon  
  58  7:53  Probe (Chrono Boost)  
  59  8:03  Probe (Chrono Boost)  
  60  8:12  Photon Cannon  
  60  8:13  Photon Cannon  
  60  8:14  Probe (Chrono Boost)  
  60  8:15  Photon Cannon  
  61  8:20  Probe (Chrono Boost)  
  61  8:24  Tempest  
  61  8:25  Carrier, Probe (Chrono Boost)  
  75  8:30  Probe (Chrono Boost)  
  75  8:31  Observer  
  77  8:35  Probe (Chrono Boost)  
  79  8:41  Probe (Chrono Boost)  
  79  8:46  Probe (Chrono Boost)  
  80  8:52  Observer, Probe (Chrono Boost)  
  82  8:56  Probe (Chrono Boost)  
  82  9:02  Probe (Chrono Boost)  
  71  9:13  Observer  
  66  9:24  Tempest, Void Ray x2  
  80  9:57  Probe x2 (Chrono Boost)  
  78  10:07  Probe x2 (Chrono Boost)  
  78  10:08  Tempest  
  72  10:18  Probe (Chrono Boost)  
  69  10:28  Graviton Catapult  
  31  11:20  Tempest  
  31  11:48  Pylon  
  31  11:51  Tempest  
  37  12:04  Tempest  
  43  12:23  Tempest  
  49  12:43  Nexus  
  31  14:03  Nexus  
  2  15:29  Probe (Chrono Boost)  
  3  16:15  Nexus  
  3  18:45  Tempest x3  
  21  19:27  Tempest  
  21  19:28  Tempest  
Show
View Real Time Build Order
Export as new Build Order

ioz Terran - Winner!

Build Orders:  

Get SALT Encoding   

  12  0:02  SCV  
  13  0:14  SCV  
  14  0:26  SCV, Supply Depot  
  15  0:40  Refinery  
  15  0:48  SCV  
  16  0:51  Barracks  
  16  1:00  SCV  
  17  1:07  Refinery  
  17  1:12  SCV  
  18  1:24  SCV  
  19  1:31  Supply Depot  
  19  1:37  Orbital Command  
  19  1:39  Factory  
  19  1:41  Marine  
  20  1:59  Marine  
  21  2:04  SCV  
  22  2:16  SCV  
  22  2:17  Marine  
  24  2:23  Supply Depot, Factory Tech Lab  
  24  2:28  SCV  
  25  2:30  Starport  
  25  2:34  Marine  
  26  2:42  Siege Tank  
  26  2:44  SCV  
  30  2:52  Marine  
  30  2:56  SCV  
  32  3:02  Supply Depot  
  32  3:10  Marine  
  33  3:14  Siege Tank  
  36  3:25  SCV, Supply Depot  
  37  3:27  Starport Reactor  
  37  3:28  Marine  
  38  3:37  SCV  
  39  3:46  Marine, Siege Tank  
  39  3:48  Supply Depot  
  43  3:49  SCV  
  44  4:01  SCV  
  45  4:06  Medivac  
  45  4:07  Medivac  
  49  4:13  SCV  
  49  4:14  Engineering Bay  
  50  4:22  Marine  
  51  4:28  SCV, Liberator  
  52  4:34  Supply Depot  
  52  4:35  Liberator  
  52  4:40  Marine  
  56  4:47  SCV  
  57  4:57  Marine  
  57  4:59  Missile Turret  
  61  5:00  Missile Turret  
  61  5:11  Liberator  
  61  5:15  Marine  
  65  5:30  Command Center  
  65  5:48  Liberator  
  58  6:04  Liberator  
  44  7:02  Orbital Command  
  44  7:03  Widow Mine  
  44  7:07  Missile Turret  
  46  7:15  Starport  
  46  7:21  Factory  
  46  7:25  Barracks  
  46  7:26  Barracks  
  46  7:27  Barracks, Building Armor  
  46  7:29  Barracks  
  46  7:31  SCV  
  46  7:34  Missile Turret  
  47  7:43  SCV  
  48  7:55  SCV  
  48  7:57  Refinery, SCV  
  48  7:58  Barracks  
  47  8:00  Starport Reactor  
  47  8:05  Barracks Tech Lab  
  47  8:07  SCV  
  47  8:09  SCV  
  47  8:11  Refinery  
  49  8:19  SCV  
  50  8:22  SCV  
  51  8:31  SCV  
  51  8:32  Barracks Tech Lab  
  51  8:34  SCV, Factory Tech Lab  
  53  8:38  Engineering Bay  
  53  8:43  SCV, Supply Depot  
  53  8:46  SCV  
  55  8:49  Armory, Command Center  
  55  8:50  Command Center  
  55  8:57  Barracks Reactor x4  
  55  9:10  Armory  
  55  9:14  Command Center  
  55  9:25  Missile Turret  
  55  9:26  Missile Turret  
  55  9:31  Stimpack, Combat Shields  
  55  9:34  Terran Infantry Armor Level 1, Terran Infantry Weapons Level 1  
  55  9:56  Terran Vehicle Weapons Level 1  
  55  10:02  Orbital Command  
  55  10:03  Orbital Command  
  55  10:04  Refinery  
  55  10:11  Refinery  
  55  10:12  Terran Vehicle And Ship Armor Level 1  
  55  10:21  Medivac x3  
  55  10:22  Medivac  
  63  10:30  SCV  
  63  10:33  Orbital Command  
  64  10:39  Marine x4  
  64  10:40  Marine x4, Marauder x2  
  76  10:52  Concussive Shells  
  76  10:56  Medivac x2  
  76  10:57  Medivac x2  
  82  11:01  Marine x7, Marauder  
  82  11:02  Marauder  
  95  11:11  Marine  
  96  11:19  Marine x5  
  96  11:21  Marine x2  
  96  11:23  Marauder x2  
  107  11:29  Marine  
  108  11:37  Marine x5  
  108  11:39  Marine  
  104  11:41  Medivac x2  
  104  11:42  Medivac x2  
  104  11:45  SCV  
  113  11:57  SCV, Terran Infantry Weapons Level 2, Terran Infantry Armor Level 2  
  114  12:09  SCV  
  114  12:14  Marine x8, Marauder x2  
  109  12:21  SCV  
  100  12:31  Marine  
  100  12:33  SCV  
  100  12:34  Marine x2  
  100  12:35  Marine x2, Marauder x2  
  92  12:40  SCV  
  92  12:52  SCV  
  92  12:57  Marauder x2  
  97  13:04  SCV  
  98  13:16  SCV  
  99  13:28  SCV  
  99  13:29  Marine x8, Marauder x2  
  112  13:40  SCV  
  113  13:46  Viking x3  
  113  13:48  Viking  
  121  13:52  SCV  
  122  14:02  Marine x4, Marauder x2  
  130  14:04  SCV  
  131  14:16  SCV  
  132  14:21  Marine x8  
  132  14:23  Marauder  
  132  14:24  Marauder  
  74  14:38  Marine x2  
  74  14:39  Marine  
  74  14:44  SCV  
  74  14:45  Marauder x2  
  82  14:54  Marine x5  
  82  14:56  SCV  
  88  15:01  Marine x3  
  88  15:03  Viking x3  
  88  15:06  Viking  
  99  15:18  Refinery  
  99  15:19  Terran Infantry Weapons Level 3  
  99  15:29  Marine x5  
  99  15:30  Marauder x2  
  108  15:37  Medivac x2  
  108  15:42  Marine  
  113  15:51  Marauder x2  
  113  15:56  Marine x6  
  112  16:13  Marauder x2, Marine x2  
  107  16:28  Marine x3  
  109  16:34  Marauder x2  
  83  16:45  Marine x4  
  52  16:55  Marauder x2  
  56  17:17  Marauder x2  
  56  17:19  Marine x5  
  56  17:20  Marine x3  
  56  17:22  Medivac x2  
  70  17:23  Medivac x2  
  73  17:37  Marine x8  
  73  17:38  Marauder x2  
  65  17:55  Marine x5  
  65  17:56  Marine  
  69  18:00  Marauder x2  
  69  18:02  Marine x2  
  75  18:12  Medivac x3  
  79  18:13  Marine x6, Medivac  
  79  18:15  Siege Tank x2  
  91  18:20  Marine x2  
  91  18:21  Marauder x2  
  97  18:31  Marine x6  
  103  18:38  Marine x2  
  100  18:42  Marauder x2  
  85  18:48  Marine x3  
  85  18:49  Marine x3  
  85  18:51  Medivac x4  
  90  18:56  Marine x2  
  91  19:04  Marauder x2  
  91  19:06  Marine x3  
  91  19:07  Marine x3  
  101  19:14  Marine x2  
  102  19:24  Marine x4  
  102  19:25  Marauder x2  
  110  19:36  Command Center  
  110  19:46  Marauder  
  112  20:21  Marine x5, Marauder x2  
  115  20:42  Marine x6  
  78  20:43  Marine x2, Marauder x2  
  62  21:02  Orbital Command  
  62  21:03  Refinery  
  60  21:14  Marine x8, Marauder x2  
Show
View Real Time Build Order
Export as new Build Order

NovaTerra Zerg - Winner!

Build Orders: Hatch First 

Get SALT Encoding   

  12  0:02  Drone  
  13  0:09  Drone  
  14  0:36  Hatchery  
  14  0:38  Drone  
  14  0:54  Spawning Pool  
  13  1:03  Drone  
  14  1:06  Overlord  
  14  1:14  Extractor  
  13  1:20  Drone  
  13  1:25  Drone x2  
  16  1:39  Drone  
  17  1:43  Roach Warren  
  16  1:48  Drone  
  16  1:51  Drone  
  18  1:57  Queen  
  20  2:03  Drone  
  20  2:07  Drone  
  22  2:19  Overlord  
  22  2:22  Drone x2  
  24  2:28  Roach  
  26  2:31  Roach  
  26  2:36  Overlord  
  28  2:42  Roach  
  30  2:45  Roach  
  32  2:52  Drone  
  32  2:54  Drone  
  32  2:58  Extractor  
  33  3:00  Queen  
  37  3:05  Roach  
  37  3:11  Roach  
  39  3:14  Drone x2  
  41  3:20  Drone x2  
  41  3:25  Spore Crawler  
  42  3:31  Drone  
  42  3:32  Drone  
  44  3:36  Overlord  
  44  3:47  Overlord x2  
  45  3:55  Drone x2  
  45  3:56  Drone  
  45  4:00  Roach  
  49  4:03  Roach  
  51  4:10  Lair  
  51  4:17  Roach x2  
  55  4:25  Evolution Chamber  
  55  4:28  Evolution Chamber  
  53  4:32  Roach x2  
  57  4:40  Drone  
  57  4:41  Drone x3  
  61  4:49  Drone  
  61  4:50  Drone x3  
  65  4:57  Zerg Ground Armor Level 1  
  65  5:03  Zerg Missile Weapons Level 1  
  65  5:13  Extractor x2  
  63  5:15  Roach x2  
  63  5:17  Overlord x2  
  67  5:21  Glial Reconstitution  
  67  5:26  Drone  
  68  5:45  Roach x3, Hatchery  
  73  5:52  Roach x3  
  79  6:01  Drone x2  
  79  6:02  Drone x3  
  84  6:11  Drone, Infestation Pit  
  84  6:14  Overlord  
  84  6:17  Overlord  
  84  6:40  Roach  
  84  6:41  Roach x6  
  98  7:05  Hydralisk Den  
  97  7:09  Spore Crawler  
  97  7:12  Spore Crawler  
  97  7:15  Spore Crawler  
  94  7:18  Spore Crawler  
  94  7:20  Drone  
  94  7:21  Drone x6, Spore Crawler  
  99  7:31  Drone  
  99  7:32  Drone x4  
  99  7:36  Drone x2  
  106  7:39  Overlord x2  
  106  7:48  Zerg Ground Armor Level 2  
  106  7:53  Zerg Missile Weapons Level 2  
  106  8:04  Hydralisk x2  
  110  8:08  Muscular Augments  
  110  8:10  Hydralisk  
  112  8:19  Hive  
  112  8:25  Hydralisk x2  
  116  8:29  Hydralisk  
  116  8:30  Hydralisk  
  116  8:34  Hydralisk  
  120  8:37  Overseer  
  122  8:42  Overlord  
  122  8:43  Overlord  
  122  8:44  Overlord  
  122  9:02  Hydralisk x6  
  134  9:10  Spore Crawler  
  134  9:15  Hydralisk x4  
  141  9:23  Spore Crawler  
  140  9:25  Spore Crawler x2  
  140  9:26  Drone, Spore Crawler  
  140  9:29  Drone  
  140  9:31  Drone  
  140  9:36  Queen  
  142  9:45  Hydralisk x2  
  146  9:58  Overlord x4  
  146  10:33  Zerg Ground Armor Level 3, Zerg Missile Weapons Level 3  
  146  10:37  Grooved Spines  
  142  10:46  Extractor x2  
  142  10:49  Spire  
  139  11:01  Hydralisk x8  
  139  11:02  Hydralisk x3  
  161  11:18  Hydralisk x4  
  129  11:35  Hydralisk x4  
  125  11:48  Hydralisk x3  
  125  11:49  Hydralisk  
  119  12:02  Drone x6  
  95  12:51  Corruptor  
  95  12:52  Corruptor x7  
  93  13:24  Hydralisk  
  93  13:25  Hydralisk x8  
  111  13:40  Drone x7  
  118  13:52  Hatchery  
  117  14:16  Corruptor x2  
  117  14:17  Corruptor x2  
  125  14:26  Corruptor x2  
  113  15:06  Hydralisk  
  113  15:07  Hydralisk x10  
  103  15:08  Hydralisk  
  115  15:24  Overlord  
  97  15:34  Hydralisk x6  
  101  15:37  Pneumatized Carapace  
  97  15:43  Overseer  
  97  15:44  Overseer x2  
  97  15:52  Hydralisk x5  
  97  15:53  Hydralisk  
  109  15:57  Hydralisk  
  109  15:58  Hydralisk x3  
  109  16:01  Hydralisk  
  119  16:08  Hydralisk x3  
  125  16:13  Hydralisk x2  
  125  16:17  Hydralisk  
  131  16:21  Hydralisk x2  
  131  16:23  Hydralisk  
  129  16:38  Extractor x2  
  101  16:43  Ultralisk Cavern  
  88  16:49  Hydralisk x3  
  90  17:01  Metabolic Boost  
  90  17:27  Queen  
  66  17:52  Hydralisk x2  
  66  17:55  Ultralisk x8  
  66  17:56  Ultralisk  
  118  17:58  Chitinous Plating  
  118  18:00  Zerg Melee Weapons Level 1  
  118  18:07  Zergling x2  
  118  18:08  Zergling x30  
  134  18:15  Baneling Nest  
  134  18:17  Zergling x2  
  140  18:34  Ultralisk x3  
  140  18:35  Overlord x4  
  140  18:36  Overlord  
  140  18:37  Overlord x2  
  139  18:54  Ultralisk  
  139  18:55  Ultralisk x4  
  143  19:31  Zergling x10  
  144  19:32  Zergling x14  
  144  19:33  Centrifical Hooks  
  155  19:41  Ultralisk  
  161  19:48  Ultralisk x3  
  161  19:49  Ultralisk  
  185  19:58  Ultralisk  
  185  20:49  Zergling x2  
  180  20:50  Zergling x36  
Show
View Real Time Build Order
Export as new Build Order

Shuranius Protoss - Winner!

Build Orders: 1 Gate Expand 

Get SALT Encoding   

  12  0:02  Probe (Chrono Boost)  
  13  0:20  Pylon  
  13  0:23  Probe (Chrono Boost)  
  14  0:31  Assimilator  
  14  0:33  Probe (Chrono Boost)  
  15  0:44  Probe (Chrono Boost)  
  16  0:52  Gateway  
  16  0:55  Probe (Chrono Boost)  
  17  1:05  Probe (Chrono Boost)  
  18  1:16  Probe (Chrono Boost)  
  19  1:26  Pylon  
  19  1:27  Probe (Chrono Boost)  
  20  1:38  Nexus  
  20  1:50  Assimilator  
  20  1:54  Cybernetics Core  
  20  1:59  Pylon  
  20  2:04  Probe (Chrono Boost)  
  21  2:14  Probe (Chrono Boost)  
  22  2:25  Probe (Chrono Boost)  
  23  2:31  Stargate  
  23  2:35  Probe (Chrono Boost)  
  24  2:37  Pylon  
  24  2:49  Probe (Chrono Boost)  
  24  2:50  Probe (Chrono Boost)  
  26  3:00  Probe (Chrono Boost)  
  26  3:01  Probe (Chrono Boost)  
  28  3:10  Probe (Chrono Boost)  
  28  3:11  Probe (Chrono Boost), Assimilator  
  30  3:16  Assimilator  
  30  3:18  Pylon  
  30  3:21  Void Ray (Chrono Boost)  
  30  3:24  Probe x2 (Chrono Boost)  
  36  3:35  Probe (Chrono Boost)  
  36  3:36  Probe (Chrono Boost)  
  38  3:46  Probe (Chrono Boost)  
  38  3:48  Probe (Chrono Boost)  
  40  3:57  Probe  
  40  3:59  Stargate  
  41  4:05  Void Ray (Chrono Boost)  
  41  4:07  Probe  
  46  4:14  Probe  
  47  4:17  Probe  
  48  4:28  Probe  
  49  4:36  Robotics Facility  
  49  4:37  Pylon  
  49  4:38  Probe  
  49  4:44  Void Ray (Chrono Boost)  
  58  4:46  Void Ray (Chrono Boost)  
  58  4:49  Probe  
  59  5:00  Probe  
  60  5:07  Pylon  
  60  5:10  Probe  
  61  5:23  Warp Prism (Chrono Boost), Pylon  
  61  5:26  Void Ray (Chrono Boost)  
  67  5:36  Fleet Beacon  
  67  5:45  Probe  
  67  5:49  Protoss Air Weapons Level 1  
  68  5:55  Observer  
  73  6:00  Void Ray (Chrono Boost)  
  73  6:06  Probe  
  74  6:12  Forge  
  74  6:17  Nexus  
  74  6:20  Pylon  
  74  6:23  Pylon  
  80  6:28  Observer, Pylon  
  81  6:33  Stargate  
  81  6:34  Carrier (Chrono Boost)  
  81  6:46  Photon Cannon  
  81  6:53  Photon Cannon  
  81  6:54  Photon Cannon  
  81  7:01  Photon Cannon  
  81  7:03  Graviton Catapult  
  81  7:04  Assimilator  
  81  7:09  Assimilator  
  81  7:14  Carrier (Chrono Boost)  
  87  7:16  Probe  
  88  7:27  Probe  
  89  7:35  Photon Cannon  
  95  7:38  Probe  
  96  7:46  Carrier (Chrono Boost)  
  96  7:49  Probe  
  97  7:59  Probe  
  104  8:06  Protoss Air Armor Level 1  
  104  8:10  Probe  
  105  8:13  Cybernetics Core  
  105  8:14  Carrier (Chrono Boost)  
  105  8:15  Protoss Shields Level 1  
  105  8:18  Photon Cannon  
  105  8:20  Probe, Pylon  
  106  8:30  Photon Cannon  
  106  8:31  Probe  
  106  8:34  Carrier (Chrono Boost)  
  113  8:41  Probe  
  113  8:43  Observer  
  115  8:51  Protoss Air Weapons Level 2  
  115  8:52  Probe  
  115  8:54  Twilight Council, Photon Cannon  
  116  8:55  Pylon  
  112  9:10  Phoenix (Chrono Boost)  
  112  9:16  Anion Pulse-Crystals  
  112  9:19  Observer, Photon Cannon  
  113  9:24  Photon Cannon  
  113  9:31  Phoenix (Chrono Boost)  
  115  9:32  Probe  
  116  9:42  Probe  
  117  9:50  Phoenix (Chrono Boost)  
  121  9:53  Probe  
  121  9:54  Phoenix (Chrono Boost)  
  105  10:03  Probe  
  81  10:16  Probe  
  81  10:18  Pylon  
  82  10:23  Phoenix (Chrono Boost)  
  82  10:25  Observer  
  82  10:26  Phoenix x2 (Chrono Boost)  
  89  10:29  Protoss Shields Level 2  
  89  10:30  Pylon  
  89  10:44  Phoenix (Chrono Boost)  
  93  10:51  Phoenix (Chrono Boost)  
  93  10:54  Phoenix (Chrono Boost)  
  89  11:06  Phoenix (Chrono Boost)  
  83  11:16  Phoenix (Chrono Boost)  
  84  11:19  Phoenix (Chrono Boost)  
  84  11:28  Phoenix (Chrono Boost)  
  81  11:41  Phoenix (Chrono Boost)  
  81  11:44  Phoenix (Chrono Boost)  
  83  11:49  Phoenix (Chrono Boost)  
  83  11:57  Protoss Air Weapons Level 3 (Chrono Boost)  
  83  12:06  Phoenix (Chrono Boost)  
  85  12:09  Phoenix (Chrono Boost)  
  85  12:11  Phoenix (Chrono Boost)  
  85  12:30  Phoenix (Chrono Boost)  
  85  12:33  Phoenix (Chrono Boost)  
  85  12:34  Photon Cannon, Phoenix (Chrono Boost)  
  89  12:38  Photon Cannon  
  89  12:55  Phoenix (Chrono Boost)  
  93  12:58  Phoenix (Chrono Boost)  
  93  13:12  Phoenix (Chrono Boost)  
  95  13:17  Phoenix  
  97  13:20  Phoenix  
  97  13:21  Observer  
  94  13:52  Phoenix x2  
  98  14:12  Nexus  
  98  14:14  Pylon  
  98  14:16  Assimilator  
  98  14:17  Phoenix x2 (Chrono Boost)  
  98  14:19  Assimilator, Void Ray (Chrono Boost)  
  98  14:20  Observer  
  107  14:35  Photon Cannon  
  107  14:37  Photon Cannon  
  106  14:38  Photon Cannon  
  106  14:42  Pylon  
  91  14:46  Phoenix  
  107  15:17  Photon Cannon  
  107  15:18  Photon Cannon  
  107  15:20  Photon Cannon  
  80  15:38  Probe  
  81  15:49  Probe  
  75  15:55  Stargate x2  
  64  15:59  Probe  
  59  16:11  Forge  
  59  16:13  Pylon  
  59  16:40  Fleet Beacon, Void Ray (Chrono Boost)  
  59  16:46  Photon Cannon  
  63  16:49  Gateway  
  63  16:50  Pylon  
  63  16:51  Photon Cannon  
  63  16:52  Pylon  
  63  17:13  Pylon  
  62  17:20  Photon Cannon  
  56  17:33  Photon Cannon  
  49  17:37  Cybernetics Core  
  49  17:43  Forge  
  60  17:51  Pylon  
  60  17:52  Pylon  
Show
View Real Time Build Order
Export as new Build Order

Amix Terran 

Build Orders:  

Get SALT Encoding   

  12  0:02  SCV  
  13  0:17  Supply Depot  
  13  0:18  SCV  
  14  0:30  SCV  
  14  0:33  Refinery  
  15  0:42  SCV  
  16  0:48  Barracks  
  16  0:54  SCV  
  17  1:06  SCV  
  18  1:18  SCV  
  19  1:31  SCV  
  20  1:40  Factory  
  20  1:43  SCV  
  21  1:50  Supply Depot  
  21  1:55  Refinery, SCV  
  22  2:04  Marine  
  24  2:17  Orbital Command  
  23  2:37  Command Center  
  23  2:39  Factory Tech Lab  
  23  2:40  Marine  
  24  2:45  Barracks  
  24  2:50  SCV  
  25  3:02  SCV  
  26  3:06  Supply Depot  
  26  3:09  Marine  
  27  3:14  SCV, Siege Tank  
  31  3:27  Marine  
  31  3:28  SCV  
  33  3:35  Barracks Tech Lab, Supply Depot  
  33  3:38  Barracks Reactor  
  33  3:43  SCV  
  34  3:55  SCV, Orbital Command  
  35  4:10  Starport  
  35  4:14  SCV  
  35  4:16  Starport  
  35  4:17  Orbital Command  
  36  4:18  Starport  
  36  4:27  SCV  
  37  4:39  SCV  
  38  4:46  SCV  
  38  4:51  SCV  
  40  4:53  Starport Tech Lab x2  
  40  4:54  Starport Tech Lab  
  40  4:58  SCV  
  41  5:03  Siege Tank  
  44  5:11  Marine  
  44  5:12  Marine x2  
  47  5:24  Supply Depot  
  47  5:26  Supply Depot  
  47  5:28  Supply Depot  
  47  5:29  Marine x2  
  47  5:30  Marine, Refinery  
  47  5:31  Refinery  
  52  5:35  Siege Tank  
  48  5:47  Marine x3  
  48  6:05  Marine  
  49  6:15  Raven x3  
  38  6:45  SCV x2  
  37  6:57  SCV, Raven  
  40  7:09  SCV  
  41  7:21  SCV  
  42  7:24  Marine x3  
  45  7:33  Command Center  
  45  7:40  Engineering Bay  
  45  7:42  Marine x3  
  48  7:56  SCV  
  49  8:00  Marine x3  
  52  8:09  SCV, Raven x2  
  57  8:18  Marine x3  
  60  8:21  SCV  
  61  8:36  Marine  
  62  8:44  Raven  
  62  8:45  Supply Depot  
  62  8:46  Supply Depot  
  64  8:49  Supply Depot  
  64  8:52  Supply Depot  
  64  8:57  SCV x2  
  66  9:09  SCV  
  68  9:10  Orbital Command  
  67  9:21  SCV  
  68  9:37  Raven x2  
  57  10:46  Raven x3  
  63  11:29  Raven  
  65  11:46  Raven  
  53  12:46  Raven  
  47  13:15  Marine x3  
  50  13:27  Bunker  
  50  13:32  Engineering Bay  
  50  13:33  Marine x3  
  53  13:40  Command Center  
  53  13:41  Refinery  
  53  13:43  Refinery  
  53  13:51  Marine x3  
  56  14:07  Medivac x3  
  56  14:09  Marine x3  
  51  14:27  Marine  
  52  14:37  Medivac  
  54  14:42  Marine x2  
  54  14:44  Marine, Medivac x2  
  61  14:49  Supply Depot  
  61  14:50  Supply Depot  
  61  14:51  Supply Depot  
  61  14:56  Refinery  
  61  14:57  Refinery  
  61  15:00  Marine x2  
  61  15:02  Marine  
  64  15:07  Medivac  
  64  15:12  Command Center  
  64  15:14  Command Center, Medivac x2  
  64  15:17  Marine x2  
  64  15:20  Marine  
  58  15:35  Marine  
  58  15:37  Medivac  
  61  15:44  Medivac  
  61  15:46  Terran Infantry Weapons Level 1  
  63  15:50  Medivac  
  65  16:07  Medivac  
  67  16:14  SCV, Medivac  
  70  16:24  Marine x3  
  73  16:26  SCV  
  73  16:28  Orbital Command  
  47  16:35  SCV  
  47  16:38  SCV  
  49  16:41  Marine  
  49  16:42  Marine x2  
  52  16:47  SCV  
  52  16:50  SCV  
  54  16:59  Marine x3, Medivac x2  
  61  17:02  SCV  
  62  17:09  Orbital Command  
  62  17:17  Marine x3  
  65  17:35  Marine x3  
  68  17:40  Terran Infantry Armor Level 1  
  67  17:53  Marine  
  68  17:59  SCV x3  
  71  18:08  Refinery  
  71  18:10  Refinery  
  71  18:11  SCV x3  
  74  18:23  SCV x3  
  75  18:35  SCV x3  
  68  18:47  SCV x3  
  62  18:59  SCV x3  
  61  19:08  Marine x3  
  60  19:11  SCV x2  
  60  19:12  SCV  
  63  19:21  Barracks  
  63  19:22  Barracks  
  63  19:23  SCV  
  63  19:24  SCV x2  
  66  19:25  Marine  
  66  19:26  Marine x2, Barracks  
  66  19:31  Barracks  
  69  19:32  Barracks  
  69  19:36  Barracks, SCV x3  
  72  19:43  Marine x3  
  75  19:48  SCV  
  61  20:01  Marine x3  
Show
View Real Time Build Order
Export as new Build Order

ЗергНеЗерг Zerg 

Build Orders: Hatch First 

Get SALT Encoding   

  12  0:01  Drone  
  13  0:13  Overlord  
  13  0:17  Drone  
  14  0:31  Drone x2  
  14  0:35  Drone  
  17  0:51  Drone  
  18  0:58  Drone  
  18  1:00  Hatchery  
  18  1:12  Spawning Pool  
  18  1:15  Extractor  
  18  1:16  Drone  
  17  1:20  Drone  
  18  1:39  Overlord  
  18  1:40  Drone  
  19  2:01  Queen, Zergling x4  
  23  2:12  Queen  
  23  2:14  Zergling x4  
  27  2:17  Metabolic Boost  
  27  2:23  Drone x2  
  29  2:35  Zergling x2  
  29  2:36  Drone  
  31  2:45  Drone x2  
  33  2:54  Queen  
  33  2:57  Drone  
  33  2:58  Overlord  
  36  2:59  Extractor  
  36  3:02  Roach Warren  
  34  3:09  Overlord  
  34  3:10  Drone x2  
  36  3:23  Drone x5  
  41  3:27  Extractor  
  40  3:41  Lair  
  40  3:45  Burrow  
  40  3:46  Zergling x2  
  40  3:47  Zergling x4  
  43  3:54  Drone x3  
  43  3:55  Drone  
  47  4:02  Drone x3  
  50  4:07  Drone x2  
  52  4:11  Spore Crawler  
  52  4:16  Spore Crawler  
  50  4:24  Drone  
  50  4:25  Drone  
  50  4:26  Overlord  
  52  4:49  Drone  
  52  4:50  Drone x5, Overlord, Extractor  
  57  5:00  Glial Reconstitution  
  57  5:06  Evolution Chamber  
  56  5:07  Evolution Chamber  
  54  5:18  Queen  
  54  5:19  Queen  
  54  5:20  Spore Crawler  
  57  5:23  Drone x4  
  57  5:24  Spore Crawler  
  60  5:36  Hatchery  
  59  5:48  Zerg Melee Weapons Level 1, Zerg Missile Weapons Level 1  
  59  6:09  Roach  
  59  6:10  Roach x3  
  67  6:11  Overlord  
  67  6:12  Overlord x5  
  67  6:18  Tunneling Claws  
  67  6:26  Overseer x2  
  67  6:34  Hydralisk Den  
  66  6:44  Ravager x2  
  66  6:45  Ravager  
  66  6:46  Ravager  
  70  7:10  Drone  
  70  7:11  Drone x15  
  86  7:22  Grooved Spines  
  86  7:24  Hydralisk x5  
  96  7:33  Spore Crawler  
  96  7:35  Hydralisk x3  
  96  7:36  Spore Crawler  
  100  7:46  Zerg Melee Weapons Level 2  
  100  7:48  Zerg Missile Weapons Level 2  
  100  8:07  Extractor x2  
  100  8:11  Infestation Pit  
  97  8:34  Muscular Augments  
  97  8:40  Hydralisk x2  
  97  8:41  Hydralisk x5  
  101  8:43  Overlord x3  
  101  8:44  Overlord x3  
  101  8:45  Zergling x2  
  101  8:46  Drone x2  
  101  8:47  Overlord x2  
  101  8:48  Overlord x3  
  113  9:31  Pathogen Glands  
  113  9:35  Hydralisk  
  113  9:36  Hydralisk x4  
  123  9:49  Hydralisk x3  
  125  10:18  Infestor x5  
  125  10:20  Zergling x18  
  125  10:21  Zergling x8  
  146  11:17  Hive  
  66  11:48  Infestor x4, Hydralisk  
  66  11:49  Hydralisk x13  
  102  12:05  Zerg Ground Armor Level 1  
  102  12:13  Hydralisk  
  102  12:14  Hydralisk x4  
  112  12:18  Zergling x2  
  112  12:19  Zergling x4  
  115  12:48  Hatchery  
  81  13:18  Hydralisk x3  
  81  13:19  Hydralisk x16  
  109  13:23  Zerg Missile Weapons Level 3  
  109  13:31  Overseer  
  109  13:42  Neural Parasite  
  109  13:46  Adrenal Glands  
  110  14:03  Hydralisk x8  
  126  14:22  Infestor  
  128  14:24  Zergling x2  
  128  14:25  Zergling x20  
  136  14:50  Zergling x2  
  136  14:51  Zergling x16  
  145  15:01  Infestor x3  
  150  15:24  Hydralisk x10  
  150  15:25  Hydralisk x3  
  152  15:48  Hydralisk x6  
  154  16:00  Zerg Melee Weapons Level 3  
  152  16:31  Hatchery  
  146  16:49  Hatchery  
  146  16:54  Overlord x6  
  145  17:08  Extractor  
  144  17:11  Extractor  
  143  17:19  Hydralisk x4  
  143  17:20  Hydralisk x2  
  155  17:22  Hatchery  
  122  17:52  Spawning Pool  
  122  17:55  Infestor x3  
  127  18:05  Infestor  
  127  18:06  Infestor x2, Hydralisk x2  
  127  18:07  Hydralisk  
  139  18:33  Infestor x3, Hydralisk  
  145  18:34  Hydralisk x4  
  99  19:10  Hydralisk x6  
  99  19:11  Hydralisk x5  
  99  19:13  Zergling x2  
  99  19:14  Zergling x6  
  125  19:20  Roach Warren  
  120  20:16  Hydralisk x6  
  132  20:27  Hydralisk x10  
  132  20:28  Hydralisk  
  154  20:48  Hydralisk x4  
  154  20:49  Hydralisk x2  
Show
View Real Time Build Order
Export as new Build Order

PapiSawyer Terran 

Build Orders: MMM Bio 

Get SALT Encoding   

  12  0:01  SCV  
  13  0:13  SCV  
  14  0:23  Supply Depot  
  14  0:28  SCV  
  14  0:32  Refinery  
  15  0:45  SCV  
  15  0:48  Barracks  
  16  0:57  SCV  
  17  1:09  SCV  
  18  1:21  SCV  
  19  1:30  Supply Depot  
  19  1:33  SCV  
  19  1:34  Barracks  
  19  1:36  Marine  
  21  1:44  Barracks  
  21  1:53  Orbital Command  
  21  1:57  Marine  
  22  2:12  Supply Depot  
  22  2:15  Marine  
  23  2:22  SCV  
  24  2:23  Marine  
  25  2:31  Barracks Tech Lab  
  25  2:36  SCV  
  26  2:40  Marine  
  26  2:41  Refinery  
  26  2:43  Supply Depot  
  26  2:44  Barracks Reactor  
  27  2:48  SCV  
  30  2:58  Marauder  
  30  2:59  Combat Shields  
  30  3:00  Barracks Reactor, SCV  
  31  3:12  SCV, Engineering Bay  
  32  3:20  Marine x2, Marauder  
  32  3:24  Supply Depot  
  36  3:37  Marine x2  
  36  3:38  Marine  
  36  3:40  Marine  
  40  3:42  Marauder  
  40  3:44  SCV  
  43  4:04  Marine x4  
  43  4:05  Marauder  
  49  4:13  SCV  
  49  4:15  Terran Infantry Weapons Level 1  
  50  4:17  Missile Turret  
  50  4:56  Command Center, Engineering Bay  
  50  4:57  SCV, Factory  
  51  5:03  Supply Depot  
  51  5:17  Marine x2  
  51  5:18  Marine x2  
  55  5:24  Marine  
  55  5:25  Supply Depot  
  55  5:27  Stimpack  
  56  5:29  Terran Infantry Armor Level 1  
  26  6:06  Marine x4  
  26  6:07  Marine  
  29  6:24  Marine x3  
  29  6:47  Marine  
  29  6:48  Marine x3  
  31  7:05  SCV  
  32  7:22  Factory Reactor  
  32  7:25  Starport  
  32  7:26  SCV  
  32  7:29  Orbital Command  
  33  7:38  SCV  
  33  7:42  Marine  
  33  7:43  Marine x4  
  39  7:50  SCV  
  40  8:00  Marine  
  40  8:01  SCV  
  40  8:02  SCV  
  43  8:13  SCV  
  43  8:14  SCV  
  43  8:15  Marine x2  
  43  8:16  Marine x2  
  43  8:19  Medivac x2  
  53  8:25  SCV  
  53  8:26  SCV  
  55  8:37  SCV  
  55  8:38  SCV  
  57  8:43  Armory  
  57  8:49  SCV  
  57  8:51  SCV  
  59  8:58  Marine x5, Command Center  
  59  9:01  SCV  
  65  9:03  SCV  
  66  9:11  Medivac x2  
  66  9:13  SCV  
  66  9:15  SCV  
  66  9:16  Marine x4  
  76  9:18  Supply Depot  
  76  9:21  Supply Depot  
  76  9:27  Refinery x2  
  76  9:37  Marine x2  
  78  9:39  Marine x3  
  78  9:45  Medivac x2  
  85  9:54  Marine  
  85  9:55  Marine  
  85  9:57  Marine x3  
  90  10:05  Terran Infantry Weapons Level 2, Supply Depot, Terran Vehicle And Ship Armor Level 1  
  90  10:06  Supply Depot  
  90  10:07  Supply Depot  
  90  10:10  Supply Depot  
  90  10:12  Marine  
  90  10:13  Marine  
  92  10:14  Orbital Command  
  92  10:15  Marine x3  
  95  10:23  Medivac  
  97  10:30  Marine, Medivac  
  97  10:31  Marine  
  97  10:33  Marine x3  
  104  10:46  SCV  
  104  10:47  SCV x2  
  104  10:48  Marine x2  
  109  10:50  Marine x3  
  112  10:58  SCV  
  112  10:59  SCV x2  
  112  11:00  Barracks  
  112  11:03  Barracks  
  115  11:06  Medivac  
  115  11:07  Medivac  
  115  11:08  Terran Infantry Armor Level 2  
  115  11:10  SCV  
  120  11:11  SCV  
  120  11:12  SCV  
  120  11:17  Marine x5  
  127  11:22  SCV  
  127  11:23  SCV  
  127  11:24  SCV  
  130  11:28  Supply Depot x2  
  130  11:33  Refinery  
  130  11:34  SCV  
  130  11:35  Marine x3, SCV  
  130  11:36  Marine x2, Medivac x2  
  141  11:49  Marine  
  141  12:00  Marine x6  
  139  12:06  Medivac  
  139  12:07  Medivac  
  115  12:17  Marine  
  115  12:18  Barracks Reactor, Marine x4  
  115  12:19  Barracks Reactor  
  85  12:34  Terran Infantry Weapons Level 3  
  85  12:35  Marine  
  85  12:36  Marine x4, Medivac x2, Terran Vehicle And Ship Armor Level 2  
  94  12:49  Command Center  
  94  12:53  Marine  
  94  12:54  Marine x4  
  99  13:00  Refinery  
  99  13:03  Marine x4  
  103  13:11  Marine x5  
  108  13:21  Marine x4  
  112  13:29  Marine x5  
  117  13:36  Supply Depot  
  117  13:38  Marine, Supply Depot  
  117  13:39  Marine x3  
  121  13:47  Marine x5, Medivac  
  121  13:48  Viking  
  130  13:56  Marine, Terran Infantry Armor Level 3  
  130  13:57  Marine x3  
  134  14:03  Orbital Command  
  134  14:04  Marine  
  134  14:05  Marine x4  
  134  14:07  Supply Depot  
  134  14:08  Supply Depot  
  139  14:14  Marine x4  
  143  14:17  Viking, Medivac  
  143  14:22  Marine  
  143  14:23  Marine x4  
  116  14:32  Marine x4  
  116  14:40  Marine x5  
  116  14:47  Viking, Medivac  
  116  14:50  Marine x4  
  122  14:53  Command Center  
  122  14:58  Marine x5  
  78  15:07  Marine  
  78  15:08  Marine x3  
  69  15:16  Marine x5  
  69  15:17  Viking, Medivac  
  67  15:25  Marine  
  67  15:26  Marine x3  
  69  15:33  Marine  
  69  15:34  Marine x4  
  72  15:43  Marine x4  
  72  15:47  Viking, Medivac  
  80  15:51  Marine  
  80  15:52  Marine x4  
  85  15:57  Command Center  
  85  16:01  Marine x4  
  89  16:08  Orbital Command  
  89  16:09  Marine x4  
  89  16:10  Marine  
  92  16:17  Viking, Medivac  
  96  16:19  Marine x4  
  94  16:27  Marine x5  
  97  16:37  Marine x4  
  84  16:45  Marine x5  
  76  16:47  Viking, Medivac  
  73  16:54  Marine  
  73  16:55  Marine x3  
  77  17:02  Marine  
  77  17:03  Marine  
  79  17:10  Orbital Command  
  79  17:16  Marine x7  
  79  17:20  Marine  
  79  17:21  Marine  
  88  17:33  Marine, Terran Vehicle And Ship Armor Level 3  
  88  17:34  Marine x6  
  95  17:38  Marine  
  95  17:39  Marine  
  91  17:47  Unknown x2  
  80  17:51  Marine  
  80  17:52  Marine x6  
  80  17:56  Marine x2  
  89  18:07  SCV  
  89  18:09  Marine x2  
  89  18:10  Marine x5  
  97  18:14  Marine x2  
  90  18:24  Viking, Medivac  
  93  18:27  Marine x6  
  93  18:28  Marine  
  93  18:32  Marine x2  
  92  18:45  Marine x7  
  98  18:49  Marine  
  98  18:50  Marine  
  98  18:54  Viking, Medivac  
  96  19:02  Marine  
  96  19:03  Marine x5  
  96  19:05  Marauder  
  96  19:07  Marine  
  96  19:08  Marine  
  97  19:20  Marine  
  97  19:21  Marine x5  
  102  19:24  Viking, Medivac  
  102  19:25  Marine x2  
  102  19:27  Marauder  
  108  19:38  Marine  
  108  19:39  Marine x5  
  108  19:43  Marine x2  
  116  19:48  Marauder  
  116  19:54  Medivac x2  
  116  19:56  Marine x5  
  116  19:57  Marine  
  126  20:01  Marine x2  
  128  20:09  Marauder  
  128  20:14  Barracks, Marine x6  
  129  20:15  Barracks  
  129  20:16  Barracks  
  129  20:18  Marine  
  129  20:19  Marine  
  136  20:24  Viking  
  138  20:31  Marauder  
  138  20:32  Marine x6  
  145  20:36  Marine  
  145  20:37  Marine  
  134  20:49  Marine  
  118  20:50  Marine x5  
  118  20:52  Marauder  
  118  20:54  Marine x2  
  71  21:07  Marine  
  71  21:08  Marine x5  
  77  21:12  Marine x2  
  77  21:14  Marauder  
Show
View Real Time Build Order
Export as new Build Order

Denda Zerg 

Build Orders: Pool First 

Get SALT Encoding   

  12  0:03  Drone  
  13  0:23  Drone  
  13  0:27  Extractor  
  13  0:29  Drone x2, Extractor  
  16  0:40  Spawning Pool  
  15  1:17  Hatchery  
  14  1:21  Extractor  
  14  1:22  Drone x2, Extractor  
  14  1:24  Overlord  
  16  1:42  Queen  
  18  1:48  Drone x2  
  18  1:51  Extractor  
  19  1:55  Overlord  
  19  2:06  Drone  
  20  2:21  Drone  
  21  2:23  Extractor  
  21  2:29  Queen  
  22  2:31  Drone  
  22  2:32  Drone  
  24  2:42  Drone x2  
  26  2:47  Hatchery  
  25  2:53  Lair  
  25  2:56  Drone  
  26  3:00  Drone  
  26  3:05  Drone  
  28  3:10  Drone x2  
  30  3:29  Drone x5  
  30  3:30  Drone  
  36  3:35  Overlord  
  36  3:48  Drone, Extractor x2  
  36  3:49  Drone  
  36  3:53  Drone x4  
  40  4:00  Drone x2  
  40  4:01  Drone  
  43  4:13  Spire  
  43  4:14  Drone  
  43  4:26  Drone x2  
  43  4:27  Drone x2  
  43  4:28  Drone  
  43  4:31  Queen  
  48  4:35  Overlord  
  50  4:44  Overlord  
  50  4:45  Overlord x2  
  50  4:49  Overlord  
  50  5:09  Drone  
  50  5:10  Drone x7  
  50  5:11  Drone x4  
  62  5:21  Drone x3  
  63  5:22  Drone  
  63  5:25  Extractor  
  63  5:26  Extractor  
  63  5:28  Zerg Flyer Weapons Level 1  
  64  5:30  Drone x3  
  67  5:37  Overlord x3  
  67  5:39  Overlord  
  67  5:55  Mutalisk x2  
  67  5:56  Mutalisk x4  
  79  5:58  Mutalisk  
  79  6:01  Mutalisk  
  79  6:03  Mutalisk  
  85  6:13  Mutalisk  
  85  6:14  Mutalisk x2  
  91  6:28  Mutalisk x2  
  91  6:29  Mutalisk x3  
  101  6:49  Mutalisk x4  
  109  7:26  Zerg Flyer Armor Level 1  
  109  7:28  Overlord x4  
  109  7:29  Overlord  
  109  7:30  Mutalisk x4  
  109  7:31  Mutalisk  
  113  7:59  Mutalisk x4  
  121  8:25  Drone x3, Extractor  
  121  8:26  Extractor  
  121  8:27  Drone x3  
  124  8:28  Hatchery  
  124  8:32  Mutalisk  
  124  8:33  Mutalisk x3  
  110  9:19  Zerg Flyer Weapons Level 2  
  110  9:20  Corruptor x4  
  110  9:21  Corruptor x4  
  114  10:12  Corruptor x2, Mutalisk x2  
  114  10:13  Corruptor x2, Mutalisk x3  
  130  10:19  Hatchery  
  129  10:23  Drone  
  129  10:24  Drone x3, Extractor  
  132  10:49  Corruptor x3, Mutalisk x3  
  128  11:18  Mutalisk x5  
  128  11:19  Mutalisk  
  134  11:39  Mutalisk x3  
  118  11:59  Zerg Flyer Armor Level 2  
  108  12:31  Mutalisk  
  108  12:32  Mutalisk x8  
  126  12:42  Infestation Pit  
  125  13:14  Mutalisk  
  125  13:15  Mutalisk x8  
Tags
 
Add a new tag
Caveats
  • Supply blocks, unpowered buildings, or Contaminate may cause inaccurate times.
  • Supply counts are checked every 10 seconds.